[Event "*** Titled Tuesday Blitz"]
[Site "Chess.com"]
[Date "2020.12.29"]
[Round "7"]
[White "ljuks68"]
[Black "NaciSAN"]
[Result "1-0"]
[WhiteElo "2384"]
[BlackElo "2172"]
[TimeControl "180+1"]
[EndTime "11:15:44 PST"]
[Termination "ljuks68 won by resignation"]

1. e4 e5 2. Nf3 Nc6 3. Bb5 a6 4. Ba4 Nf6 5. Qe2 b5 6. Bb3 Be7 7. c3 O-O 8. d4 d6 9. O-O Bg4 10. Rd1 exd4 11. cxd4 Re8 12. Nc3 Bf8 13. e5 h6 14. Be3 Nh7 15. Rac1 Na5 16. Bc2 Nc4 17. b3 Nxe3 18. Qxe3 Ng5 19. Nxg5 hxg5 20. f3 Bd7 21. f4 gxf4 22. Qxf4 Bc6 23. Ne4 Bxe4 24. Bxe4 Rb8 25.
Rf1 f6 26. Bd5+ 1-0

[Event "*** Titled Tuesday Blitz"]
[Site "Chess.com"]
[Date "2020.12.29"]
[Round "7"]
[White "serena-maria"]
[Black "chessmachine14"]
[Result "0-1"]
[WhiteElo "2353"]
[BlackElo "2249"]
[TimeControl "180+1"]
[EndTime "11:15:44 PST"]
[Termination "chessmachine14 won by checkmate"]

1. Nf3 Nf6 2. g4 Nxg4 3. Rg1 Nf6 4. b3 g6 5. Bb2 Bg7 6. d3 d5 7. Nbd2 Nc6 8. a3 Bf5 9. Nh4 Be6 10. e3 Qd7 11.
Be2 O-O-O 12. Bc3 d4 13. exd4 Nd5 14. Bb2 Bxd4 15. Bxd4 Nxd4 16. Nhf3 Nc3 17. Qc1 Ncxe2 18. Qb2 Nxg1 19. Nxg1 Bg4 20. f3 Qe6+ 21. Ne4 Nxf3+ 22. Nxf3 Bxf3 23. Kf2 Bxe4 24. dxe4 Rd2+ 25. Ke3 Rhd8 26.
Rf1 Qh3+ 27. Rf3 Qh6+ 28. Rf4 Qxh2 29. Rxf7 e5 30. Kf3 Qg2+ 31. Ke3 Qe2# 0-1

[Event "*** Titled Tuesday Blitz"]
[Site "Chess.com"]
[Date "2020.12.29"]
[Round "7"]
[White "AryanTari"]
[Black "Keranke"]
[Result "1-0"]
[WhiteElo "2903"]
[BlackElo "2836"]
[TimeControl "180+1"]
[EndTime "11:15:45 PST"]
[Termination "AryanTari won by resignation"]

1. e4 g6 2. d4 Bg7 3. Nf3 d6 4. c3 Nf6 5. Bd3 O-O 6. O-O c5 7. h3 cxd4 8. cxd4 Nc6 9. Nc3 a6 10. Be3 b5 11. d5 Na5 12. b3 Nd7 13. Rc1 Bb7 14. Qd2 Rc8 15. Ne2 Nc5 16. Bb1 e6 17. b4 Nc4 18. Rxc4 bxc4 19. bxc5 exd5 20. exd5 dxc5 21.
Rd1 Qb6 22. Nc3 Rfd8 23. Bh6 Bh8 24. Be4 Qb4 25. Rb1 Bxc3 26. Qf4 Bxd5 27. Rxb4 cxb4 28.
Ne5 f5 29. Bxf5 Rf8 30. g4 gxf5 31. Qg5+ 1-0

[Event "*** Titled Tuesday Blitz"]
[Site "Chess.com"]
[Date "2020.12.29"]
[Round "7"]
[White "Sueetin"]
[Black "Homino"]
[Result "1-0"]
[WhiteElo "2494"]
[BlackElo "2297"]
[TimeControl "180+1"]
[EndTime "11:15:45 PST"]
[Termination "Sueetin won by resignation"]

1. d4 Nf6 2. c4 c5 3. d5 b5 4. Qc2 d6 5. e4 g6 6. cxb5 a6 7. a4 Bg7 8. Nc3 O-O 9. Nf3 axb5 10. Bxb5 Ba6 11. O-O Bxb5 12. Nxb5 Na6 13. Bd2 Qb8 14. Rad1 Rc8 15. Bc3 Nc7 16. e5 Nfxd5 17. exd6 Nxb5 18.
Bxg7 Nb4 19. Qe2 Kxg7 20. d7 Rd8 21. axb5 Ra7 22. Qxe7 Qc7 23. Ne5 Rf8 24. b6 Qxb6 25.
d8=Q Rxd8 26. Qxd8 1-0

[Event "*** Titled Tuesday Blitz"]
[Site "Chess.com"]
[Date "2020.12.29"]
[Round "7"]
[White "MasterKroket"]
[Black "ChristopherYoo"]
[Result "0-1"]
[WhiteElo "2466"]
[BlackElo "2862"]
[TimeControl "180+1"]
[EndTime "11:15:46 PST"]
[Termination "ChristopherYoo won by resignation"]

1. d4 Nf6 2. c4 e6 3. Nf3 d5 4.
Nc3 dxc4 5. e4 Bb4 6. Bg5 b5 7. e5 h6 8. exf6 hxg5 9. fxg7 Rg8 10. Nd2 Qxd4 11. Qf3 c6 12. Nde4 Rxg7 13. Be2 g4 14.
Qf4 f5 15. Rd1 Qxe4 16. Qh6 Qe5 17. O-O Nd7 18. Qh5+ Kd8 19. Rfe1 Qf6 20. Bf1 Kc7 21. Qe8 Bb7 22. Qh5 Re7 23. Qh4 Qxh4 0-1

[Event "*** Titled Tuesday Blitz"]
[Site "Chess.com"]
[Date "2020.12.29"]
[Round "7"]
[White "Eloist"]
[Black "MumLookatMeNow"]
[Result "0-1"]
[WhiteElo "2354"]
[BlackElo "2522"]
[TimeControl "180+1"]
[EndTime "11:15:47 PST"]
[Termination "MumLookatMeNow won by resignation"]

1. e4 d5 2. exd5 Qxd5 3. Nc3 Qd8 4. d4 Nf6 5. Nf3 Bg4 6. h3 Bxf3 7. Qxf3 c6 8. Be3 e6 9. O-O-O Bb4 10. Ne4 Nxe4 11.
Qxe4 Qd5 12. Bd3 Qxa2 13. c3 Be7 14. g4 a5 15. f4 a4 16. Bb1 Qa1 17. f5 a3 18. Rh2 a2 19. Kd2 Qxb2+ 20. Bc2 a1=Q 21. Rxa1 Rxa1 22. fxe6 fxe6 23. Qxe6 Nd7 24. Rf2 Ra3 25.
Rf7 Qxc3+ 26. Ke2 Qxe3+ 27. Qxe3 Rxe3+ 28. Kxe3 Kxf7 0-1

[Event "*** Titled Tuesday Blitz"]
[Site "Chess.com"]
[Date "2020.12.29"]
[Round "7"]
[White "QuintilianoR"]
[Black "Koksal06"]
[Result "1-0"]
[WhiteElo "2666"]
[BlackElo "2450"]
[TimeControl "180+1"]
[EndTime "11:15:49 PST"]
[Termination "QuintilianoR won by resignation"]

1. e4 c6 2. d4 d5 3. exd5 cxd5 4. Bd3 Nf6 5. c3 Bg4 6. Ne2 Nc6 7. O-O e6 8. f3 Bh5 9. Nf4 Bg6 10. Re1 Bd6 11. Na3 O-O 12. Nc2 Qc7 13. g3 Nh5 14. Nxg6 hxg6 15. f4 Rfe8 16. Ne3 f5 17. Ng2 Nf6 18.
Nh4 Qf7 19. Nf3 Ne4 20. a3 Be7 21. Bd2 Bf6 22. b4 Qc7 23. Rc1 Rad8 24. Be3 Nd6 25. c4 dxc4 26. Bxc4 Nxc4 27. Rxc4 Rd5 28. Qc2 Qd7 29.
Rd1 Rd8 30. Qe2 a6 31. Bf2 Kf7 32. Kg2 Ne7 33. Rdc1 Rc8 34. Rxc8 Nxc8 35. Rc5 Ne7 36. Qc4 Nc6 37. b5 axb5 38. Qxb5 Nxd4 39. Nxd4 Bxd4 40.
Rxd5 Qxb5 41. Rxb5 1-0

[Event "*** Titled Tuesday Blitz"]
[Site "Chess.com"]
[Date "2020.12.29"]
[Round "7"]
[White "chess4life23"]
[Black "stasiek18"]
[Result "0-1"]
[WhiteElo "2251"]
[BlackElo "2386"]
[TimeControl "180+1"]
[EndTime "11:15:51 PST"]
[Termination "stasiek18 won on time"]

1. d4 d5 2. c4 e6 3. Nc3 a6 4.
cxd5 exd5 5. Nf3 Nf6 6. Bg5 Be6 7.
Qb3 Nbd7 8. e3 b5 9. Qc2 Rc8 10.
Be2 c5 11. dxc5 Bxc5 12. O-O b4 13. Na4 Bxe3 14. Qd1 Bxg5 15. Nxg5 Qa5 16. f4 Bf5 17. g4 Bc2 18. Qe1 O-O 19. b3 Rfe8 20. Qd2 Nc5 21. Bf3 Nxa4 22. bxa4 Qc5+ 23. Kg2 Qc3 24. Qxc3 bxc3 25.
Rac1 Bxa4 26. Nh3 d4 27. g5 Ne4 28. Bxe4 Rxe4 29. Nf2 Re2 30. Kf3 Rce8 31. Nd3 R2e3+ 0-1

[Event "*** Titled Tuesday Blitz"]
[Site "Chess.com"]
[Date "2020.12.29"]
[Round "7"]
[White "orestn"]
[Black "Stormeman100100"]
[Result "1-0"]
[WhiteElo "2358"]
[BlackElo "2502"]
[TimeControl "180+1"]
[EndTime "11:15:52 PST"]
[Termination "orestn won by resignation"]

1. e4 e5 2. Nf3 Nc6 3. Bb5 Nf6 4. O-O Nxe4 5. Re1 Nd6 6. a4 Be7 7. Nc3 O-O 8. d4 exd4 9. Nd5 Bf6 10. Bf4 b6 11.
Bd3 Bb7 12. Nxf6+ Qxf6 13. Bg5 Qg6 14. Bxg6 fxg6 15. Bh4 Nf5 16. Bg3 d6 17. Rc1 Rf7 18. c3 Raf8 19. Ng5 Rf6 20. Ne6 R8f7 21. cxd4 Nxg3 22.
fxg3 Rf2 23. d5 Ne5 24. Rxc7 Rxb2 25. Rxf7 Kxf7 26. Qc1 Ra2 27. Qc7+ Kf6 28. Rf1+ Nf3+ 29. Rxf3+ Ke5 1-0

[Event "*** Titled Tuesday Blitz"]
[Site "Chess.com"]
[Date "2020.12.29"]
[Round "7"]
[White "andrewtnb"]
[Black "MVM2008"]
[Result "1-0"]
[WhiteElo "2357"]
[BlackElo "2201"]
[TimeControl "180+1"]
[EndTime "11:15:52 PST"]
[Termination "andrewtnb won by resignation"]

1. d4 Nf6 2. c4 e5 3. e3 exd4 4. exd4 c6 5. Nc3 d5 6. Nf3 Bb4 7. h3 O-O 8. Be2 dxc4 9. Bxc4 Re8+ 10. Be2 Ne4 11. Qb3 Qa5 12. O-O Nxc3 13. bxc3 Bxc3 14. Bc4 Rf8 15. Rb1 b5 16. Bxf7+ Kh8 17. Ng5 Bxd4 18. Qd3 Bf5 19. Qxf5 g6 20. Qe4 Bf6 21. Qf4 Bxg5 22. Bb2+ 1-0

[Event "*** Titled Tuesday Blitz"]
[Site "Chess.com"]
[Date "2020.12.29"]
[Round "7"]
[White "Ermito2020"]
[Black "NMShanMeruga"]
[Result "0-1"]
[WhiteElo "2636"]
[BlackElo "2448"]
[TimeControl "180+1"]
[EndTime "11:15:58 PST"]
[Termination "NMShanMeruga won by resignation"]

1. e4 Nf6 2. e5 Nd5 3. d4 d6 4. Nf3 dxe5 5. Nxe5 g6 6. Be2 Bg7 7.
O-O O-O 8. Nf3 c5 9. c4 Nf6 10. dxc5 Na6 11. Be3 Ne4 12. Bd4 Naxc5 13. Bxg7 Kxg7 14.
Qc1 Qb6 15. Nc3 Nxc3 16. Qxc3+ Qf6 17. Qxf6+ Kxf6 18. b4 Ne4 19. Rac1 a5 20. a3 axb4 21. axb4 Ra4 22. Bd3 Bf5 23. Rfe1 Nd2 24. Ne5 Bxd3 25. Nd7+ Kg7 26. Nxf8 Kxf8 27. Red1 Nb3 28. Rc3 Be2 29. Re1 Nd4 30. b5 Bxc4 31. b6 Ne2+ 32. Rxe2 Ra1+ 0-1

[Event "*** Titled Tuesday Blitz"]
[Site "Chess.com"]
[Date "2020.12.29"]
[Round "7"]
[White "ExcitingTrap"]
[Black "Kretov_Evgenij"]
[Result "0-1"]
[WhiteElo "2349"]
[BlackElo "2519"]
[TimeControl "180+1"]
[EndTime "11:15:58 PST"]
[Termination "Kretov_Evgenij won by resignation"]

1. e4 c5 2. Nf3 Nc6 3. d4 cxd4 4. Nxd4 g6 5. c4 Nf6 6. Nc3 d6 7. Be2 Nxd4 8. Qxd4 Bg7 9. Be3 O-O 10. Qd2 Be6 11.
O-O Qa5 12. Rac1 Rfc8 13. b3 a6 14. a4 Nd7 15. f3 Nc5 16. Bd1 Rab8 17. Kh1 Qb4 18. Bg5 Nxb3 19. Bxb3 Qxb3 20. Bxe7 Rxc4 21. Nd5 Rd4 22. Qa5 Bxd5 23. exd5 Qxd5 24. Qc7 Ra8 25. Qd7 Qe6 26. Qxb7 Re8 27. Rfe1 Qf5 28. Qc6 Rb8 29. Qxa6 Qd7 30. Bg5 Rxa4 31. Qd3 h6 32. Re7 Qb5 33. Qxd6 hxg5 34. Rce1 Rf8 35. h3 Rd4 36. Qc7 Rd2 37. Rd7 0-1

[Event "*** Titled Tuesday Blitz"]
[Site "Chess.com"]
[Date "2020.12.29"]
[Round "7"]
[White "Denis_Palkovich"]
[Black "Ave_Mariia"]
[Result "0-1"]
[WhiteElo "2313"]
[BlackElo "2500"]
[TimeControl "180+1"]
[EndTime "11:15:59 PST"]
[Termination "Ave_Mariia won by checkmate"]

1. d4 Nf6 2. Bf4 g6 3. e3 Bg7 4. Nf3 O-O 5. Be2 d6 6. h3 Nbd7 7. O-O c6 8. c4 Qc7 9. Nc3 e5 10.
Bh2 Re8 11. c5 dxc5 12. dxe5 Nd5 13. e6 Ne5 14. exf7+ Qxf7 15. Nxe5 Bxe5 16. Bxe5 Rxe5 17. Bc4 Be6 18. e4 Nxc3 19. Bxe6 Qxe6 20. bxc3 Rxe4 21. Qd2 Re8 22. Rad1 Re2 23. Qh6 Rxa2 24. h4 Re2 25.
h5 b5 26. hxg6 Qxg6 27. Qh4 R2e4 28. Qh2 b4 29. cxb4 cxb4 30. Rd6 Qg7 31. Rxc6 b3 32.
Rc7 Qg6 33. Rxa7 b2 34. Rb7 Re1 35. Rxb2 Rxf1+ 36. Kxf1 Qd3+ 37. Kg1 Qd1# 0-1

[Event "*** Titled Tuesday Blitz"]
[Site "Chess.com"]
[Date "2020.12.29"]
[Round "7"]
[White "Carnivoras"]
[Black "rynos0411"]
[Result "0-1"]
[WhiteElo "2570"]
[BlackElo "2333"]
[TimeControl "180+1"]
[EndTime "11:16:01 PST"]
[Termination "rynos0411 won by resignation"]

1. d4 d5 2. c4 c6 3. Nc3 Nf6 4. Bg5 e6 5. Nf3 Nbd7 6. e3 Qa5 7. Nd2 Bb4 8. Qc2 dxc4 9. Bxf6 Nxf6 10. Nxc4 Qc7 11.
Bd3 c5 12. a3 Bxc3+ 13. bxc3 b6 14. O-O O-O 15. e4 Ba6 16. e5 Bxc4 17. exf6 Bxd3 18. Qxd3 gxf6 19. Rfe1 Kh8 20. Re3 Rg8 21. Rh3 Rg6 22.
Re1 Rag8 23. g3 cxd4 24. cxd4 f5 25. Rh4 Qd6 26. Qc3 R6g7 27. Re5 Rd8 28. d5 exd5 29. Rxf5 d4 30. Qd3 Qg6 31. Rhf4 Qe6 32. Rf6 Qe1+ 33.
Kg2 Qe5 34. Rxf7 Qd5+ 35. Qf3 Qxf3+ 36. Rxf3 Rxf7 37. Rxf7 d3 0-1

[Event "*** Titled Tuesday Blitz"]
[Site "Chess.com"]
[Date "2020.12.29"]
[Round "7"]
[White "frederiksvane"]
[Black "Pelopidass"]
[Result "1-0"]
[WhiteElo "2747"]
[BlackElo "2560"]
[TimeControl "180+1"]
[EndTime "11:16:03 PST"]
[Termination "frederiksvane won by resignation"]

1. e4 c5 2. Nf3 d6 3. Bb5+ Bd7 4. c4 Nf6 5. Nc3 Nc6 6. d4 cxd4 7. Nxd4 e6 8. Be3 Be7 9. O-O O-O 10. h3 a6 11. Bxc6 bxc6 12. c5 dxc5 13. Nb3 Rb8 14. Qe2 Qc7 15. Nxc5 Bxc5 16. Bxc5 Rfd8 17. Be7 Re8 18.
Bxf6 gxf6 19. Rad1 Bc8 20. Rd3 Qe5 21. Rg3+ Kf8 22. Rd1 c5 23. b3 Rb4 24. Qg4 Rd4 25. Re1 Ke7 26. f4 h5 27. Qh4 Qc7 28. e5 Kd7 29. Qxf6 Kc6 30. Ne4 Rxe4 31. Rxe4 Kb6 32.
Rg7 Bb7 33. Rxf7 Qc6 34. Re2 Rg8 35. Rg7 Rc8 36. f5 c4 37. bxc4 Qc5+ 38. Kh2 Rc6 39. Qe7 Qxe7 40. Rxe7 exf5 41. e6 Rxc4 42. Rxb7+ Kxb7 43. e7 1-0

[Event "*** Titled Tuesday Blitz"]
[Site "Chess.com"]
[Date "2020.12.29"]
[Round "7"]
[White "Frolyanov_D"]
[Black "Kislov_Oleg"]
[Result "1-0"]
[WhiteElo "2674"]
[BlackElo "2450"]
[TimeControl "180+1"]
[EndTime "11:16:03 PST"]
[Termination "Frolyanov_D won by resignation"]

1. d4 Nf6 2. c4 e6 3. Nf3 d5 4. Nc3 Bb4 5. e3 O-O 6. Bd2 Nc6 7. Bd3 h6 8. O-O a6 9. Qc2 dxc4 10. Bxc4 Bd6 11.
a3 e5 12. h3 Re8 13. dxe5 Nxe5 14. Nxe5 Bxe5 15. Rad1 Qe7 16. Rfe1 b5 17. Nd5 Qd6 18.
Bb4 c5 19. Bxc5 Qxc5 20. Nxf6+ Kf8 21. Nxe8 bxc4 22. Qe4 Rb8 23. Rd5 Bb7 24. Rxc5 Bxe4 25. Rxe5 Rxe8 26. Rxe8+ Kxe8 27. Rd1 Ke7 28. Rd4 Bd3 29.
f3 Ke6 30. Kf2 Ke5 31. h4 f5 32. Ke1 g5 33. hxg5 hxg5 34. g3 a5 35. Kd2 Bf1 36. Kc3 Be2 37. f4+ gxf4 38. gxf4+ Ke6 39. Rxc4 Kd5 40. Rd4+ Kc5 41. b4+ axb4+ 42. axb4+ Kc6 43.
Rd8 Bf3 44. Re8 Bd5 45. Re5 Be4 46. b5+ Kb6 47. Kb4 1-0

[Event "*** Titled Tuesday Blitz"]
[Site "Chess.com"]
[Date "2020.12.29"]
[Round "7"]
[White "RobPeresian"]
[Black "annamaja"]
[Result "1-0"]
[WhiteElo "2440"]
[BlackElo "2284"]
[TimeControl "180+1"]
[EndTime "11:16:07 PST"]
[Termination "RobPeresian won by resignation"]

1. Nf3 Nf6 2. c4 e6 3. Nc3 Be7 4. d4 O-O 5. Bg5 d5 6. e3 Nbd7 7. Qc2 b6 8. cxd5 exd5 9. O-O-O Bb7 10. Bd3 h6 11. h4 c5 12. g4 Nxg4 13. Rdg1 h5 14.
Bf5 Ndf6 15. Ne5 cxd4 16. exd4 Nxe5 17. dxe5 Ne4 18. Bh6 g6 19. e6 fxe6 20. Bxg6 Rf6 21. Bxe4+ Kf7 22. Bg6+ Kg8 23. Bxh5+ Kh8 24. Bg7+ 1-0

[Event "*** Titled Tuesday Blitz"]
[Site "Chess.com"]
[Date "2020.12.29"]
[Round "7"]
[White "EdmundPlayer"]
[Black "The_filthy"]
[Result "0-1"]
[WhiteElo "2196"]
[BlackElo "2301"]
[TimeControl "180+1"]
[EndTime "11:16:07 PST"]
[Termination "The_filthy won by checkmate"]

1. e4 d5 2. exd5 Qxd5 3. Nc3 Qe6+ 4. Be2 Qg6 5. Bf3 Nc6 6. Nge2 Bf5 7. d3 e5 8. Ng3 Bd7 9. O-O O-O-O 10. Re1 f5 11. Bh5 Qe6 12. f4 Bc5+ 13. Kh1 Nf6 14. Bf3 Ng4 15. Bxg4 fxg4 16. fxe5 h5 17. Nge4 Bb6 18.
Ng5 Qg6 19. e6 Be8 20. Nce4 Ne5 21. Bf4 Nc6 22. Qd2 h4 23. h3 gxh3 24. gxh3 Nd4 25. c3 Nf5 26. d4 Bc6 27. Re2 Kb8 28.
Rg2 Ng3+ 29. Bxg3 hxg3 30. Rxg3 Bxe4+ 31. Nxe4 Qxe4+ 32. Kh2 Qxe6 33. Rag1 c6 34. Rxg7 Qxh3# 0-1

[Event "*** Titled Tuesday Blitz"]
[Site "Chess.com"]
[Date "2020.12.29"]
[Round "7"]
[White "AdarshIsMe"]
[Black "ural58"]
[Result "0-1"]
[WhiteElo "2200"]
[BlackElo "2408"]
[TimeControl "180+1"]
[EndTime "11:16:09 PST"]
[Termination "ural58 won by resignation"]

1. e4 d5 2. exd5 Qxd5 3. Nf3 Bg4 4. Be2 Nc6 5. d4 O-O-O 6. c4 Qf5 7. Nbd2 Nxd4 8.
Nxd4 Rxd4 9. O-O Nf6 10. Bxg4 Qxg4 11. Qa4 a6 12. h3 Qd7 13. Qa5 e6 14. b3 Be7 15. Nf3 Re4 16. Ng5 Re2 17. Nxf7 Rf8 18. Ne5 Qd4 19. Be3 Rxe3 20. fxe3 Qxe3+ 21. Kh1 Bd6 22. Rae1 Qg3 23. Re2 h5 24. Rf3 Qg5 25. Rfe3 Nd7 26.
Nf3 Qxa5 0-1

[Event "*** Titled Tuesday Blitz"]
[Site "Chess.com"]
[Date "2020.12.29"]
[Round "7"]
[White "Beca95"]
[Black "stanyga"]
[Result "1-0"]
[WhiteElo "2825"]
[BlackElo "2601"]
[TimeControl "180+1"]
[EndTime "11:16:10 PST"]
[Termination "Beca95 won by resignation"]

1. e4 c5 2. Nf3 e6 3. d4 cxd4 4. Nxd4 Nc6 5. Nc3 Qc7 6. a3 a6 7. Be3 Nf6 8. f4 d6 9. Qf3 Be7 10. Bd3 Bd7 11. Nb3 h5 12. h3 h4 13. O-O Nh5 14.
Ne2 Bf6 15. c3 g6 16. Nbd4 O-O-O 17. b4 g5 18. b5 axb5 19. Nxb5 Qa5 20. Nxd6+ Kb8 21.
Nxf7 gxf4 22. Nxf4 Ne5 23. Nxe5 Bxe5 24. Ng6 Ng3 25.
Nxe5 Nxf1 26. Rxf1 Qxc3 27. Bf4 Ka8 28. Nf7 Rhf8 29.
Nxd8 e5 30. Bb5 Qxf3 31. Rxf3 Bxb5 32. Bg5 Rxf3 33. gxf3 Bd7 34. Kh2 Ka7 35. Bf6 1-0

[Event "*** Titled Tuesday Blitz"]
[Site "Chess.com"]
[Date "2020.12.29"]
[Round "7"]
[White "Natalya_Buksa"]
[Black "comsac"]
[Result "1-0"]
[WhiteElo "2545"]
[BlackElo "2407"]
[TimeControl "180+1"]
[EndTime "11:16:10 PST"]
[Termination "Natalya_Buksa won by resignation"]

1. d4 d5 2. Nc3 e6 3. Bf4 Nf6 4. e3 Bd6 5. Qf3 Bxf4 6. Qxf4 a6 7. Bd3 Nbd7 8. Nf3 c5 9. g4 c4 10. Be2 Qb6 11. Rb1 Nf8 12. g5 Ng6 13. Qg3 Ng8 14.
h4 N8e7 15. h5 Nf5 16. Qh2 Nge7 17. Ne5 Qc7 18. h6 g6 19. Qg2 Rb8 20. Ng4 Nc6 21. Nf6+ Kf8 22. Rd1 b5 23. Bf3 b4 24.
Ncxd5 exd5 25. Bxd5 Bb7 26. Kf1 Na5 27. Bxb7 Qxb7 28.
e4 Nd6 29. Qh2 Ne8 30. Qe5 Nxf6 31. Qxf6 Rg8 32. d5 Qe7 33. Qd4 Nb7 34. Rg1 Re8 35. f3 Nd6 36. Kf2 Nxe4+ 37. fxe4 Qxe4 38. Qxe4 Rxe4 39. Rge1 Rxe1 40. Rxe1 f6 41. d6 Kf7 42. Re7+ Kf8 43. Rg7 1-0

[Event "*** Titled Tuesday Blitz"]
[Site "Chess.com"]
[Date "2020.12.29"]
[Round "7"]
[White "DinaBelenkaya"]
[Black "HouseOfDurin"]
[Result "0-1"]
[WhiteElo "2377"]
[BlackElo "2097"]
[TimeControl "180+1"]
[EndTime "11:16:11 PST"]
[Termination "HouseOfDurin won by checkmate"]

1. e4 c5 2. Nc3 Nc6 3. g3 e5 4. Bg2 g6 5. Nd5 Bg7 6. Ne2 Nge7 7. Nec3 O-O 8. d3 h6 9. O-O d6 10. f4 f5 11. exf5 gxf5 12. Be3 Nd4 13. Qd2 Kh7 14. Rae1 Be6 15. Kh1 Rb8 16. a4 b5 17.
axb5 Nxb5 18. Nxb5 Rxb5 19. b3 Nxd5 20. Bg1 Ne7 21.
fxe5 dxe5 22. Ra1 a5 23. Ra4 Bd5 24. Rfa1 Qa8 25. Rxa5 Bxg2+ 26. Qxg2 Rxa5 27. Qxa8 Rfxa8 28. Re1 Ra1 29. Rxa1 Rxa1 30. c3 Rc1 31. b4 cxb4 32.
cxb4 Rb1 33. Kg2 Rxb4 34. Bc5 Rb7 35. Bd6 Nc6 36. h4 Kg6 37. Kh3 Rd7 38. g4 Rxd6 39. h5+ Kg5 40. gxf5 Kxf5 41. Kh4 Rd4+ 42. Kg3 Rxd3+ 43.
Kh4 Rd4+ 44. Kg3 Rf4 45. Kh3 e4 46. Kg3 e3 47. Kh3 e2 48. Kg2 e1=Q 49. Kh2 Qf2+ 50. Kh3 Rh4# 0-1

[Event "*** Titled Tuesday Blitz"]
[Site "Chess.com"]
[Date "2020.12.29"]
[Round "7"]
[White "chescomhuynya"]
[Black "HackingKid98"]
[Result "1-0"]
[WhiteElo "2583"]
[BlackElo "2426"]
[TimeControl "180+1"]
[EndTime "11:16:12 PST"]
[Termination "chescomhuynya won by resignation"]

1. e4 c6 2. d4 d5 3. e5 Bf5 4. Nd2 e6 5. Nb3 Nd7 6. Nf3 Bg6 7. Be2 Nh6 8. Bxh6 gxh6 9. O-O Bg7 10. Nc1 O-O 11.
Nd3 f6 12. exf6 Qxf6 13. c3 Rae8 14. Nde5 Nxe5 15. Nxe5 Qg5 16. Nf3 Qf5 17. Nh4 Qg5 18. Nf3 Qf5 19. Qb3 e5 20. dxe5 Bxe5 21. Nxe5 Qxe5 22.
Rae1 Rf7 23. Qd1 Ref8 24. Bd3 Qg5 25. Bxg6 hxg6 26. Re6 Rxf2 27. Rxf2 Rxf2 28. Rxg6+ Qxg6 29. Kxf2 Qf5+ 30. Qf3 Qe5 31. Qg3+ Qxg3+ 32. Kxg3 Kg7 33. Kf4 Kf6 34. g4 c5 35. h4 b5 36. g5+ hxg5+ 37. hxg5+ Ke6 38. g6 d4 39. cxd4 c4 40. d5+ Kf6 41.
d6 c3 42. bxc3 Kxg6 43. d7 1-0

[Event "*** Titled Tuesday Blitz"]
[Site "Chess.com"]
[Date "2020.12.29"]
[Round "7"]
[White "ChessyInstinct"]
[Black "Jenia84"]
[Result "0-1"]
[WhiteElo "2494"]
[BlackElo "2353"]
[TimeControl "180+1"]
[EndTime "11:16:12 PST"]
[Termination "Jenia84 won on time"]

1. d4 Nf6 2. c4 e6 3. g3 d5 4.
Nf3 Bb4+ 5. Bd2 Be7 6. Bg2 O-O 7.
Qc2 c6 8. O-O b6 9. Bf4 a5 10.
Nc3 Ba6 11. b3 Nh5 12. Bc1 Nd7 13.
Bb2 Rc8 14. e4 dxc4 15. bxc4 Bxc4 16. Rfd1 Ba6 17. d5 cxd5 18. exd5 Bf6 19. dxe6 fxe6 20. Qe4 Qe7 21. Na4 Rc4 22. Bxf6 Nhxf6 23. Qd3 Nd5 0-1

[Event "*** Titled Tuesday Blitz"]
[Site "Chess.com"]
[Date "2020.12.29"]
[Round "7"]
[White "Euge_chess"]
[Black "sopo-tereladze"]
[Result "0-1"]
[WhiteElo "2072"]
[BlackElo "2277"]
[TimeControl "180+1"]
[EndTime "11:16:12 PST"]
[Termination "sopo-tereladze won on time"]

1. e4 Nf6 2. e5 Nd5 3. d4 d6 4. exd6 cxd6 5. Nf3 g6 6. Bc4 Nb6 7. Bb3 Bg7 8. O-O O-O 9. c3 Bg4 10. h3 Bxf3 11. Qxf3 Nc6 12. Re1 e5 13. d5 Ne7 14.
Bg5 Qd7 15. Na3 h6 16. Be3 Nf5 17. Bxb6 axb6 18. Nc4 Qc7 19. g4 Ne7 20. Rad1 f5 21. Qe3 fxg4 22. Qxb6 Qxb6 23. Nxb6 Ra6 24. Nc4 gxh3 25.
Re3 Nf5 26. Rxh3 g5 27. Nd2 Nh4 28. Ne4 Rf4 29. Re3 Nf3+ 30. Kg2 g4 31. Ng3 Nh4+ 32. Kg1 Ra8 33. Ne4 Raf8 34. Rd2 Nf3+ 35. Kh1 Nxd2 36. Nxd2 Rxf2 37. Ne4 R2f4 38. Nxd6 Rf1+ 39. Kg2 R8f2+ 40. Kg3 h5 41. Kh4 Kh7 42. Ne8 Bh6 43. Bc2+ Kh8 0-1

[Event "*** Titled Tuesday Blitz"]
[Site "Chess.com"]
[Date "2020.12.29"]
[Round "7"]
[White "albi1999"]
[Black "Anton_Zhukov04"]
[Result "1-0"]
[WhiteElo "2538"]
[BlackElo "2246"]
[TimeControl "180+1"]
[EndTime "11:16:13 PST"]
[Termination "albi1999 won by resignation"]

1. d4 Nf6 2. c4 e6 3. Nf3 Bb4+ 4.
Bd2 c5 5. g3 O-O 6. Bg2 Qb6 7.
Qb3 Nc6 8. dxc5 Bxc5 9. O-O Ne4 10. Qxb6 axb6 11. Nc3 Nxc3 12. Bxc3 d5 13. cxd5 exd5 14. Rfd1 Be6 15. Nd4 Nxd4 16. Bxd4 Rfc8 17. e3 Bxd4 18.
Rxd4 Rc2 19. Rb4 Rac8 20. h3 R8c6 21. g4 h5 22. gxh5 R2c4 23. Rxc4 Rxc4 24. Rd1 Rc2 25. Bxd5 Bxd5 26. Rxd5 Rxb2 27. a4 Rb4 28. Rd4 Rb1+ 29. Kg2 b5 30. a5 Ra1 31. Rd8+ Kh7 32. Rd7 Rxa5 33. Rxf7 Ra7 34. Rf5 Kh6 35. Rxb5 Kh7 36. Kg3 Kh6 37. e4 1-0

[Event "*** Titled Tuesday Blitz"]
[Site "Chess.com"]
[Date "2020.12.29"]
[Round "7"]
[White "dosto07"]
[Black "beto-betun"]
[Result "0-1"]
[WhiteElo "2282"]
[BlackElo "2194"]
[TimeControl "180+1"]
[EndTime "11:16:13 PST"]
[Termination "beto-betun won on time"]

1. e4 c5 2. Nf3 d6 3. d4 cxd4 4. Qxd4 Nc6 5. Bb5 Bd7 6. Bxc6 Bxc6 7. Nc3 Nf6 8. Bg5 e6 9. O-O-O Be7 10. h4 h6 11. Be3 e5 12. Qd3 O-O 13. Nd2 Rc8 14.
Nb3 a6 15. Kb1 b5 16. f3 b4 17.
Ne2 Qc7 18. g4 Rfd8 19. g5 Nh5 20. gxh6 d5 21. exd5 Rxd5 22. Qf5 g6 23. Rdg1 Rd1+ 24. Nbc1 Bd7 25. Rxg6+ Kh8 26. Qxf7 Qxc2+ 27. Ka1 Rxh1 28.
a3 bxa3 29. bxa3 Rxc1+ 0-1

[Event "*** Titled Tuesday Blitz"]
[Site "Chess.com"]
[Date "2020.12.29"]
[Round "7"]
[White "Chernobay_Artem"]
[Black "kleopl"]
[Result "0-1"]
[WhiteElo "2619"]
[BlackElo "2475"]
[TimeControl "180+1"]
[EndTime "11:16:15 PST"]
[Termination "kleopl won by resignation"]

1. d4 d6 2. c4 e5 3. Nf3 exd4 4. Nxd4 g6 5. g3 Bg7 6. Bg2 Ne7 7. O-O O-O 8. Nc3 Nbc6 9. Nc2 Be6 10. Ne3 Qd7 11. Ned5 Rac8 12. Bg5 f6 13. Be3 a5 14. Nb5 Rf7 15. Bd2 b6 16. Bc3 Ne5 17. b3 Bxd5 18. Bxd5 Nxd5 19. Bxe5 fxe5 20. Na7 Nc3 21. Qc2 Ra8 22.
Qxc3 Rxa7 23. Qc2 Ra8 24. Rad1 Raf8 25. e3 Qc6 26. Rd5 Qd7 27. Rfd1 Qg4 28. R1d2 Bh6 29. Qd3 Qf5 30. Qe2 Qb1+ 31. Kg2 Rxf2+ 32. Qxf2 Qe4+ 0-1

[Event "*** Titled Tuesday Blitz"]
[Site "Chess.com"]
[Date "2020.12.29"]
[Round "7"]
[White "Heineccius"]
[Black "tylityli"]
[Result "1-0"]
[WhiteElo "2573"]
[BlackElo "2361"]
[TimeControl "180+1"]
[EndTime "11:16:15 PST"]
[Termination "Heineccius won by resignation"]

1. d4 Nf6 2. c4 e6 3. Nc3 Bb4 4. g3 O-O 5. Bg2 Nc6 6. Nf3 d6 7. Qc2 e5 8. dxe5 dxe5 9. O-O Bxc3 10. Qxc3 Qe7 11. Rd1 h6 12. b3 Bg4 13. Bb2 Rfe8 14.
h3 Bxf3 15. Bxf3 Nd4 16. Rd2 Nxf3+ 17. exf3 Qe6 18. Kh2 Qf5 19. Re1 e4 20. fxe4 Rxe4 21. Rxe4 Qxe4 22. Rd4 Qe2 23. Rf4 Qe6 24. Qf3 c6 25.
Bxf6 gxf6 26. Rxf6 Qd7 27. Rxh6 Re8 28. Qf6 1-0